 Dungeon Sprint DCSS version 0.31.0-32-g396128a36d (webtiles) character file.

Game seed: 10293577391112271429

212 boopmooplesden the Protected (level 5, -23/53 HPs)
             Began as a Minotaur Fighter on Mar 18, 2024.
             Was a Believer of Trog.
             Annihilated by a warg (30 damage)
             ... in the Dungeon (Sprint VII: "The Pits").
             The game lasted 00:00:27 (376 turns).

boopmooplesden the Protected (Minotaur Fighter)      Turns: 376, Time: 00:00:29

Health: -23/53     AC:  8    Str: 22    XL:     5   Next: 58%
Magic:  4/4        EV:  9    Int:  5    God:    Trog [**....]
Gold:   0          SH:  5    Dex: 10    Spells: 4/4 levels left

rFire   . . .        a - +0 war axe
rCold   . . .        c - +0 buckler
rNeg    . . .        b - +0 scale mail
rPois   .            (helmet restricted)
rElec   .            (no cloak)
rCorr   .            (no gloves)
SInv    .            (no boots)
Will    .....        (no amulet) Stlth
                     (no ring)
HPRegen 0.28/turn    (no ring)
MPRegen 0.09/turn

%: no teleportation
@: fragile (+50% incoming damage)
A: horns 2, retaliatory headbutt
a: Renounce Religion, Berserk, Trog's Hand


You were in the Dungeon.
You worshipped Trog.
Trog was pleased with you.
You visited 1 branch

Inventory:

Hand Weapons
 a - a +0 war axe (weapon)
Armour
 b - a +0 scale mail (worn)
 c - a +0 buckler (worn)
Scrolls
 j - a scroll of blinking
 l - 2 scrolls of vulnerability
 m - 5 scrolls of amnesia
 n - a scroll of summoning
Potions
 d - a potion of might
 e - a potion of curing
 f - a potion of heal wounds
 g - a potion of haste
 h - 4 potions of magic
 i - 3 potions of berserk rage
 k - 2 potions of invisibility


   Skills:
 + Level 8.0 Fighting
 + Level 6.9 Axes
 + Level 8.1 Armour
 + Level 7.8 Shields


You had 4 spell levels left.
You didn't know any spells.
Your spell library was empty.

Dungeon Overview and Level Annotations

Branches:
Dungeon (1/1)

Altars:
Cheibriados
Dithmenos
Elyvilon
Fedhas
Gozag
Hepliaklqana
Makhleb
Nemelex Xobeh
Okawaru
Qazlal
Ru
Sif Muna
Trog
Vehumet
Wu Jian
Xom
Yredelemnul
Zin
The Shining One
Jiyva
Lugonu


Innate Abilities, Weirdness & Mutations

You have a pair of horns on your head.
You reflexively headbutt those who attack you in melee.


Message History

You feel your fragility will last longer.
You hit the glass eye.
You kill the glass eye!
Trog accepts your kill.
You can now call upon Trog for regeneration and willpower.
Your Fighting skill gained 3 levels and is now at level 8!
Your Axes skill gained 3 levels and is now at level 6!
Your Armour skill gained 3 levels and is now at level 8!
Your Shields skill gained 2 levels and is now at level 7!
You have reached level 3!
Your experience leads to an increase in your attributes!
Increase (S)trength, (I)ntelligence, or (D)exterity?
You feel stronger. x2
You have reached level 4!
You feel agile.
You have reached level 5!
You barely miss the endoplasm. You headbutt the endoplasm.
The endoplasm is moderately wounded.
The endoplasm freezes you.
You are frozen.
You hit the endoplasm.
You kill the endoplasm!
Trog accepts your kill.
A warg and a quokka come into view.
The warg howls!
The warg pauses to sniff the ground.
You barely miss the warg. The warg barely misses you.
The quokka completely misses you. You furiously retaliate!
You headbutt the quokka. The warg misses you.
You slash the warg!
The warg is moderately wounded.
You closely miss the quokka. The warg bites you!
The quokka bites you but does no damage.
You hit the warg but do no damage. You headbutt the warg.
The warg is heavily wounded.
You barely miss the quokka. The warg bites you!
* * * LOW HITPOINT WARNING * * *
You block the quokka's attack. The warg bites you!!
Ouch! That really hurt!
You die...

+#####)#####......#..#
#..#..# #..........
#..รท..# ####'#####+
#..#### #.......#
#..#..# #.......#
#..#..# #.......#
##'#..#+###...<...#
#...hr...##.......#
#...@....##.......#
###########.......#
#########


You could see a warg and a quokka.

Vanquished Creatures
  A glass eye (D)
  A river rat (D)
  2 ufetubi (D)
  An orc (D)
  An endoplasm (D)
  A goblin (D)
  A frilled lizard (D)
8 creatures vanquished.

Notes
Turn   | Place    | Note
-------+----------+-------------------------------------------
     0 | D        | boopmooplesden the Minotaur Fighter began the quest for the
                  | Orb.
     0 | D        | Reached XP level 1. HP: 19/19 MP: 0/0
    35 | D        | Found a bloodstained altar of Trog.
    35 | D        | Found a shimmering blue altar of Sif Muna.
    35 | D        | Found a viscous altar of Jiyva.
    35 | D        | Found a hazy altar of Hepliaklqana.
    35 | D        | Found an opulent altar of Gozag.
    36 | D        | Found a glowing golden altar of the Shining One.
    36 | D        | Found a glowing silver altar of Zin.
    36 | D        | Found a basalt altar of Yredelemnul.
    36 | D        | Found a shimmering altar of Xom.
    36 | D        | Found an ornate altar of the Wu Jian Council.
    36 | D        | Found a sacrificial altar of Ru.
    36 | D        | Found a stormy altar of Qazlal.
    36 | D        | Found an iron altar of Okawaru.
    36 | D        | Found a sparkling altar of Nemelex Xobeh.
    36 | D        | Found a burning altar of Makhleb.
    36 | D        | Found a blossoming altar of Fedhas.
    36 | D        | Found a white marble altar of Elyvilon.
    36 | D        | Found a shadowy altar of Dithmenos.
    36 | D        | Found a snail-covered altar of Cheibriados.
    38 | D        | Found a corrupted altar of Lugonu.
    38 | D        | Found a radiant altar of Vehumet.
    39 | D        | Became a worshipper of Trog the Wrathful
    54 | D        | Reached XP level 2. HP: 18/28 MP: 1/1
    97 | D        | Reached * piety under Trog
   101 | D        | Reached skill level 5 in Armour
   102 | D        | Reached skill level 5 in Fighting
   102 | D        | Reached skill level 5 in Shields
   354 | D        | Noticed a glass eye
   369 | D        | Killed a glass eye
   369 | D        | Reached ** piety under Trog
   370 | D        | Reached XP level 3. HP: 40/40 MP: 2/2
   370 | D        | Reached XP level 4. HP: 48/48 MP: 3/3
   370 | D        | Reached XP level 5. HP: 53/53 MP: 4/4
   372 | D        | Noticed a warg
   376 | D        | Annihilated by a warg

Illustrated notes

Levels and vault maps discovered:
D:        pitsprint [storerooms_1, entrance_room_1, metal_vault_6, armoury_2,
          mini_pit_1, grid_room_1, main_hall_1, silver_pit, the_coven_3,
          the_vestibule_1, steel_vault_1, golden_pit, hallway_of_sentries,
          crystal_vault_2, iron_vault_3, final_vault]

Skill      XL: |  1  2 |
---------------+-------+-----
Fighting       | 4 8 |  8.0
Armour         | 4 8 |  8.1
Shields        | 4 7 |  7.8
Axes           | 6 |  6.9

Action                     |  1- 3 |  4- 6 || total
---------------------------+-------+-------++-------
  Melee: War axe           |    25 |     5 ||    30
         Headbutt          |     5 |     2 ||     7
 Armour: Scale mail        |    15 |     4 ||    19
  Dodge: Dodged            |     9 |     3 ||    12
  Block: Buckler           |     2 |     1 ||     3
